 Dungeon Crawl Stone Soup version 0.23-a0-350-g6fd5563 (webtiles) character file.

233444 namelastname112 the Stormcaller (level 18, -4/162 HPs)
             Began as a Black Draconian Wanderer on Oct 20, 2018.
             Was a High Priest of Sif Muna.
             Shot with a bolt by a yaktaur (20 damage)
             ... on level 1 of the Vaults.
             The game lasted 02:13:05 (62330 turns).

namelastname112 the Stormcaller (DrWn)             Turns: 62330, Time: 02:13:06

Health: -4/162     AC: 19    Str: 18    XL:     18   Next: 85%
Magic:  44/44      EV: 29    Int: 22    God:    Sif Muna [*****.]
Gold:   1799       SH:  0    Dex: 21    Spells: 2/44 levels left

rFire    + . .     SeeInvis +   T - staff of conjuration
rCold    . . .     Gourm    .   (no shield)
rNeg     + . .     Faith    .   (armour unavailable)
rPois    .         Spirit   .   y - +1 hat {SInv}
rElec    +         Reflect  .   Q - +0 cloak of a ziggurat {rF+ Str+4 Dex+7 Slay-3}
rCorr    .         Harm     .   C - +0 pair of gloves of Korimuiw {Str+2 Stlth+} (curse)
MR       +++..                  n - +5 pair of boots of Duck's Teeth {rN+}
Stlth    ++++......             (no amulet)
HPRegen  0.37/turn              t - ring of magical power
MPRegen  0.29/turn              G - ring of Ninin {+Blink +Inv +Fly MR++ Str-3}

@: agile, about to teleport, short of breath, marked, flying, very slightly
contaminated, invisible, divine energy
A: breathe lightning, unfitting armour, big wings, electricity resistance,
cold-blooded, AC +10
}: 1/15 runes: decaying
a: Breathe Lightning, Stop Flying, Stop Divine Energy, Channel Magic, Forget
Spell, Renounce Religion, Evoke Blink


You were on level 1 of the Vaults.
You worshipped Sif Muna.
Sif Muna was extremely pleased with you.
You were very hungry.

You visited 7 branches of the dungeon, and saw 32 of its levels.
You visited 1 bazaar.
You also visited: Ice Cave and Volcano.

You collected 3689 gold pieces.
You spent 1890 gold pieces at shops.

Inventory:

Hand Weapons
 B - the +6 dagger "Conservator" {pierce, +Rage rC++ Dex-5 SInv}
   (You found it on level 12 of the Dungeon)

   It inflicts extra damage upon your enemies.
   It affects your dexterity (-5).
   It greatly protects you from cold.
   It lets you see invisible.
   It lets you go berserk.
Missiles
 U - a throwing net (quivered)
Armour
 n - the +5 pair of boots of Duck's Teeth (worn) {rN+}
   (You found it on level 3 of the Elven Halls)

   It protects you from negative energy.
 y - a +1 hat of see invisible (worn)
 C - the cursed +0 pair of gloves of Korimuiw (worn) {Str+2 Stlth+}
   (You found it in an ice cave)

   It affects your strength (+2).
   It makes you more stealthy.
   It has a curse placed upon it.
 H - a +0 buckler
 J - the +2 shield of Sunlight {rF+ Str+2}
   (You found it on level 1 of the Lair of Beasts)

   It affects your strength (+2).
   It protects you from fire.
 Q - the +0 cloak of a ziggurat (worn) {rF+ Str+4 Dex+7 Slay-3}
   (You acquired it on level 5 of the Lair of Beasts)

   It affects your strength (+4).
   It affects your dexterity (+7).
   It affects your accuracy and damage with ranged weapons and melee attacks
   (-3).
   It protects you from fire.
Magical Staves
 b - an uncursed staff of wizardry
 e - an uncursed staff of power
 T - an uncursed staff of conjuration (weapon)
Jewellery
 i - an uncursed ring of protection from cold
 t - a ring of magical power (left hand)
 u - an uncursed ring of positive energy {unknown}
 G - the ring of Ninin (right hand) {+Blink +Inv +Fly MR++ Str-3}
   (You took it off a deep elf master archer on level 3 of the Elven Halls)

   [ring of flight]

   It affects your strength (-3).
   It affects your resistance to hostile enchantments.
   It lets you turn invisible.
   It lets you fly.
   It lets you blink.
 P - an uncursed ring of protection from fire
 R - an uncursed ring of poison resistance
Wands
 o - a wand of flame (26)
 v - a wand of disintegration (16)
 w - a wand of digging (54)
 N - a wand of acid (19)
Scrolls
 a - 3 scrolls of amnesia
 c - a scroll of magic mapping
 d - 9 scrolls of enchant armour
 k - 20 scrolls of identify
 l - 15 scrolls of remove curse
 p - 8 scrolls of teleportation
 r - a scroll of fear
 I - 5 scrolls of enchant weapon
 W - a scroll of fog
 Z - a scroll of summoning
Potions
 g - 2 potions of resistance
 h - 2 potions of brilliance
 m - 8 potions of mutation
 q - 5 potions of magic
 s - 2 potions of cancellation
 x - 6 potions of haste
 z - 2 potions of ambrosia
 A - a potion of invisibility
 D - 3 potions of berserk rage
 E - 4 potions of might
 L - a potion of agility
Comestibles
 f - 26 rations
 j - 2 chunks of flesh


   Skills:
 + Level 14.8 Fighting
   Level 3.6 Crossbows
 - Level 1.0 Throwing
 + Level 12.7 Dodging
 - Level 4.0 Shields
 + Level 13.7 Spellcasting
 + Level 15.8 Conjurations
 - Level 2.0 Translocations
   Level 1.0 Transmutations
 + Level 17.9 Air Magic
 - Level 10.7 Invocations


You had 2 spell levels left.
You knew the following spells:

 Your Spells              Type           Power        Failure   Level  Hunger
a - Blink                 Tloc           N/A          2%          2    None
c - Orb of Destruction    Conj           #######...   5%          7    ######.
d - Lightning Bolt        Conj/Air       #######...   1%          5    ###....
e - Chain Lightning       Conj/Air       #######...   26%         8    #######
f - Airstrike             Air            #######...   1%          4    None
g - Deflect Missiles      Chrm/Air       ######....   16%         6    #####..
s - Freezing Cloud        Conj/Ice/Air   #######...   6%          6    #####..
x - Static Discharge      Conj/Air       #######.     0%          3    None
z - Shock                 Conj/Air       ####         0%          1    None

Your spell library contained the following spells:

 Spells                   Type           Power        Failure   Level  Hunger
 Magic Dart               Conj           ####         0%          1    None
 Searing Ray              Conj           ######       0%          2    None
 Apportation              Tloc           ###...       1%          1    None
 Flame Tongue             Conj/Fire      #####        1%          1    None
 Sting                    Conj/Pois      ####         1%          1    None
 Swiftness                Chrm/Air       ######..     1%          2    None
 Throw Flame              Conj/Fire      ######       1%          2    None
 Throw Frost              Conj/Ice       ######       1%          2    None
 Beastly Appendage        Tmut           ###...       2%          1    None
 Animate Skeleton         Necr           N/A          4%          1    None
 Confusing Touch          Hex            ###...       4%          1    None
 Freeze                   Ice            ###.         4%          1    None
 Infusion                 Chrm           ###.         4%          1    None
 Pain                     Necr           ###.         4%          1    None
 Summon Small Mammal      Summ           ###.         4%          1    None
 Passwall                 Tmut/Erth      ###.....     4%          2    None
 Shroud of Golubria       Chrm/Tloc      ###.......   4%          2    None
 Sticks to Snakes         Tmut           ###.....     4%          2    None
 Call Imp                 Summ           ###.....     6%          2    None
 Corpse Rot               Necr           N/A          6%          2    None
 Ensorcelled Hibernation  Hex/Ice        ###...       6%          2    None
 Sublimation of Blood     Necr           ###.......   6%          2    None
 Conjure Flame            Conj/Fire      ######..     1%          3    None
 Dazzling Spray           Conj/Hex       ######       1%          3    None
 Mephitic Cloud           Conj/Pois/Air  #######.     1%          3    None
 Stone Arrow              Conj/Erth      ######       1%          3    None
 Force Lance              Conj/Tloc      ######..     1%          4    None
 Fulminant Prism          Conj/Hex       ######....   1%          4    None
 Iskenderun's Mystic Bla  Conj           #######.     1%          4    None
 Sticky Flame             Conj/Fire      ######..     1%          4    None
 Summon Lightning Spire   Summ/Air       ######..     1%          4    None
 Throw Icicle             Conj/Ice       ######..     1%          4    None
 Irradiate                Conj/Tmut      ######....   3%          5    ###....
 Silence                  Hex/Air        ######....   3%          5    ###....
 Bolt of Draining         Conj/Necr      ######....   4%          5    ###....
 Fireball                 Conj/Fire      ######....   4%          5    ###....
 Iskenderun's Battlesphe  Conj/Chrm      ######..     4%          5    ###....
 Venom Bolt               Conj/Pois      ######....   4%          5    ###....
 Gell's Gravitas          Tloc           ###.......   5%          3    None
 Lesser Beckoning         Tloc           ###.......   5%          3    None
 Teleport Other           Tloc           ###.....     5%          3    None
 Recall                   Summ/Tloc      N/A          9%          3    None
 Spider Form              Tmut/Pois      ###.......   10%         3    None
 Ignite Poison            Fire/Tmut/Pois ###.....     11%         3    None
 Confuse                  Hex            ###.....     12%         3    None
 Inner Flame              Hex/Fire       ###.....     12%         3    None
 Ozocubu's Armour         Chrm/Ice       ###.....     12%         3    None
 Regeneration             Chrm/Necr      ###.......   12%         3    None
 Vampiric Draining        Necr           ###.......   12%         3    None
 Bolt of Magma            Conj/Fire/Erth ######....   13%         5    ###....
 Passage of Golubria      Tloc           N/A          19%         4    None
 Bolt of Cold             Conj/Ice       ######....   24%         6    #####..
 Iron Shot                Conj/Erth      ######....   24%         6    #####..
 Poison Arrow             Conj/Pois      ######....   24%         6    #####..
 Ice Form                 Ice/Tmut       ###.....     32%         4    None
 Petrify                  Tmut/Erth      ###.....     32%         4    None
 Animate Dead             Necr           N/A          38%         4    None
 Leda's Liquefaction      Hex/Erth       ###.......   38%         4    None
 Olgreb's Toxic Radiance  Pois           ###.....     38%         4    None
 Summon Ice Beast         Ice/Summ       ###.....     38%         4    None
 Blade Hands              Tmut           ###.......   58%         5    ###....
 Summon Forest            Summ/Tloc      ###.......   58%         5    ###....
 Alistair's Intoxication  Tmut/Pois      ###.....     67%         5    ###....
 Yara's Violent Unravell  Hex/Tmut       ###.......   67%         5    ###....
 Agony                    Necr           ###.....     75%         5    ###....
 Aura of Abjuration       Summ           ###.......   75%         5    ###....
 Borgnjor's Vile Clutch   Necr/Erth      ###.......   75%         5    ###....
 Dispel Undead            Necr           ###.....     75%         5    ###....
 Excruciating Wounds      Chrm/Necr      ###.......   75%         5    ###....
 Lee's Rapid Deconstruct  Erth           ###.......   75%         5    ###....
 Metabolic Englaciation   Hex/Ice        ###.......   75%         5    ###....
 Summon Demon             Summ           ###.......   75%         5    ###....
 Summon Mana Viper        Hex/Summ       ###.....     75%         5    ###....
 Spellforged Servitor     Conj/Summ      ######....   80%         7    ######.
 Tornado                  Air            #######...   95%         9    #######
 Darkness                 Hex            ###.......   99%         6    #####..
 Death Channel            Necr           ###.......   99%         6    #####..
 Hydra Form               Tmut           ###.......   99%         6    #####..
 Invisibility             Hex            ###.....     99%         6    #####..
 Ozocubu's Refrigeration  Ice            ###.......   99%         6    #####..
 Shadow Creatures         Summ           N/A          99%         6    #####..
 Simulacrum               Ice/Necr       ###.......   99%         6    #####..
 Statue Form              Tmut/Erth      ###......    99%         6    #####..
 Dragon Form              Tmut           ###.......   100%        7    ######.
 Haunt                    Necr/Summ      ###.......   100%        7    ######.
 Malign Gateway           Summ/Tloc      ###.......   100%        7    ######.
 Summon Hydra             Summ           ###.......   100%        7    ######.
 Borgnjor's Revivificati  Necr           ###.......   100%        8    #######
 Death's Door             Chrm/Necr      ###.......   100%        8    #######
 Ignition                 Fire           ###.......   100%        8    #######
 Infestation              Necr           ###.......   100%        8    #######
 Lehudib's Crystal Spear  Conj/Erth      ######....   100%        8    #######
 Necromutation            Tmut/Necr      ###.......   100%        8    #######
 Shatter                  Erth           ###.......   100%        9    #######


Dungeon Overview and Level Annotations

Branches:
Dungeon (15/15)            Temple (1/1) D:5            Lair (6/6) D:11
  Swamp (4/4) Lair:4        Snake (0/4) Lair:3        Slime (0/5) Lair:6
    Orc (2/2) D:12            Elf (3/3) Orc:2        Vaults (1/5) D:14
 Depths (0/5) D:15

Altars:
Ashenzari
Cheibriados
Dithmenos
Elyvilon
Gozag
Hepliaklqana
Kikubaaqudgha
Makhleb
Nemelex Xobeh
Qazlal
Ru
Sif Muna
Trog
Vehumet
Yredelemnul
Zin
The Shining One
Beogh

Shops:
D:6 %   D:8 :   Orc:2 *%(:

Annotations:
Lair:2 3 runed doors, Irchumiyd's ghost, journeyman DEAE
Swamp:1 1 runed door, Xuizouc's ghost, journeyman MiBe
Elf:2 3 runed doors


Innate Abilities, Weirdness & Mutations

You can breathe wild blasts of lightning.
Your glossy black scales are hard. (AC +10)
You cannot fit into any form of body armour.
Your large and strong wings let you fly indefinitely.
You are resistant to electric shocks. (rElec)
You are cold-blooded and may be slowed by cold attacks.


Message History

You feel agile all of a sudden.
You feel less invigorated.
You feel less confused.
The vault sentinel is no longer covered in acid.
The vault sentinel blows a loud note on a signal horn!
The yaktaur wields a +0 arbalest.
The yaktaur shoots a bolt.
The bolt hits the yaktaur!
A deep elf mage comes into view. It is wielding a +0 short sword.
The yaktaur wields a +0 arbalest.
The yaktaur shoots a bolt.
The bolt hits the ironheart preserver.
The ironheart preserver completely misses you.
A redback comes into view.
You regained 5 hp, and now have 16/162 hp.
MP restored: 44
As you read the scroll of teleportation, it crumbles to dust.
You feel strangely unstable. The vault sentinel misses you.
The yaktaur shoots a bolt.
The bolt closely misses the ironheart preserver.
The bolt hits you!!
You die...

############
#@......(.........
#ppo..............
#c................
#cc####+###.......
#)e# ...... #e.#
...... #§e# ......
#§s# #....... #§§#
#.......


You could see an ironheart preserver, an orc knight, a vault sentinel, 2 deep
elf knights, 3 yaktaurs, a deep elf mage and a redback.

Vanquished Creatures
  Asterion (Elf:3)
  2 deep elf blademasters (Elf:3)
  2 deep elf master archers (Elf:3)
  Gastronok (D:12)
  A thorn hunter (Swamp:3)
  Donald (Elf:3)
  4 deep elf sorcerers (Elf:3)
  A vault warden (Vaults:1)
  2 orc warlords (Orc:2)
  2 deep elf elementalists (Elf:3)
  An ironheart preserver (Vaults:1)
  6 deep elf annihilators (Elf:3)
  5 deep elf demonologists (Elf:3)
  An ettin (Orc:1)
  2 blizzard demons (IceCv)
  7 deep elf death magi (Elf:3)
  3 deep elf high priests
  Josephine (D:11)
  3 vault guards (D:14)
  A ghost crab (Swamp:4)
  21 hydras
  6 shambling mangroves
  5 centaur warriors
  A catoblepas (Lair:6)
  15 two-headed ogres
  Erica (D:10)
  4 ogre magi
  A deep troll shaman (Lair:6)
  20 dancing weapons
  2 tengu warriors
  16 alligators
  4 orc high priests (Orc:2)
  A spriggan berserker (Swamp:4)
  7 death yaks (Lair:6)
  17 deep elf knights
  A sun demon (Volcano)
  A spriggan (Swamp:4)
  A hell knight (Volcano)
  An unseen horror (shapeshifter) (D:12)
  2 wizards (D:14)
  4 unseen horrors
  5 swamp dragons
  A swamp dragon (shapeshifter) (D:13)
  2 spriggan druids (Swamp:2)
  7 deep elf archers
  A lindwurm (Lair:6)
  7 harpies (Vaults:1)
  45 deep elf magi
  18 ugly things
  7 orc knights
  7 cyclopes
  3 manticores
  7 orc sorcerers
  A wolf spider zombie (D:15)
  4 elephants (Lair:6)
  An ice statue (IceCv)
  A molten gargoyle (Volcano)
  2 centaur zombies
  3 naga magi (D:15)
  2 black mambas
  22 spiny frogs
  3 gargoyles
  2 torpor snails
  5 rime drakes
  7 komodo dragons
  A tengu conjurer (D:15)
  A kobold demonologist (D:11)
  A redback zombie (D:15)
  2 freezing wraiths (IceCv)
  4 yaktaurs
  3 anaconda simulacra (IceCv)
  4 ice devils (IceCv)
  A jumping spider (shapeshifter) (D:15)
  6 meliai
  4 polar bears
  A queen bee (Lair:5)
  2 red devils (Volcano)
  11 trolls
  A wolf spider simulacrum (IceCv)
  9 tyrant leeches
  16 hornets
  12 bog bodies
  10 blink frogs
  8 hippogriffs
  15 slime creatures
  2 air elementals
  5 water elementals
  A spriggan (shapeshifter) (D:13)
  2 shadows
  3 hogs (D:8)
  2 vampires (D:15)
  2 fire elementals
  2 fire bats (Volcano)
  2 humans
  3 dire elephant simulacra (IceCv)
  48 yaks
  7 wraiths
  A hungry ghost (D:11)
  3 basilisks
  19 vampire mosquitoes
  2 nagas (Lair:3)
  12 swamp worms
  4 harpy simulacra (IceCv)
  5 insubstantial wisps (Swamp:3)
  A soldier ant (D:15)
  2 iron troll simulacra (IceCv)
  3 wargs
  An acid dragon (Vaults:1)
  2 hydra simulacra (IceCv)
  10 water moccasins
  11 porcupines
  2 hell hounds (Volcano)
  2 black bears
  49 orc warriors
  A sky beast (D:11)
  A meliai simulacrum (D:15)
  An ettin simulacrum (IceCv)
  4 ice beasts
  11 swamp drakes
  A necrophage (D:9)
  4 phantoms
  An eye of draining (D:13)
  21 ogres
  26 wolves
  23 centaurs
  8 crocodiles
  5 big kobolds
  2 earth elementals (Elf:1)
  14 bullfrogs
  A wyvern skeleton (D:12)
  2 jellies
  4 scorpions
  A swamp dragon simulacrum (IceCv)
  33 killer bees
  14 wights
  9 howler monkeys
  2 lava snakes (Volcano)
  6 crimson imps
  4 draconian simulacra (IceCv)
  2 bullfrog zombies
  A quasit (D:4)
  9 hounds
  34 orc priests
  A gnoll shaman (D:4)
  An iguana (D:13)
  2 bullfrog skeletons
  5 centaur skeletons
  21 orc wizards
  8 worker ants
  A polar bear simulacrum (IceCv)
  2 troll simulacra (IceCv)
  3 wolf simulacra (IceCv)
  3 centaur simulacra (IceCv)
  A hound skeleton (D:11)
  A worker ant zombie (D:7)
  8 gnolls
  7 adders
  3 naga simulacra (IceCv)
  5 shadow imps
  6 white imps (IceCv)
  4 ufetubi (IceCv)
  2 oozes
  3 adder skeletons (D:4)
  2 worms (D:3)
  3 dart slugs
  2 leopard geckos
  188 orcs
  12 bats
  11 giant cockroaches
  12 goblins
  11 hobgoblins
  14 jackals
  22 kobolds
  4 quokkas
  A ball python (D:3)
  6 frilled lizards
  A leopard gecko skeleton (D:8)
  2 quokka skeletons
  10 rats
  2 briar patches (Swamp:3)
  2 fungi
  2 plants
1300 creatures vanquished.

Vanquished Creatures (others)
  An iguana (D:10)
  3 white imps (IceCv)
  5 ufetubi (IceCv)
  A ball lightning (Swamp:2)
  A briar patch (Swamp:3)
  A bush (Lair:6)
  16 fungi
  6 plants
34 creatures vanquished.

Grand Total: 1334 creatures vanquished

Notes
Turn   | Place    | Note
-------+----------+-------------------------------------------
     0 | D:1      | namelastname112 the Draconian Wanderer began the quest for
                  | the Orb.
     0 | D:1      | namelastname112 set off with: a +0 hand crossbow, 25 bolts,
                  | a scroll of teleportation, a ration
     0 | D:1      | Reached XP level 1. HP: 16/16 MP: 1/1
   184 | D:1      | Reached XP level 2. HP: 15/23 MP: 2/2
   255 | D:1      | Reached skill level 1 in Dodging
   255 | D:1      | Reached skill level 1 in Spellcasting
   676 | D:1      | Reached XP level 3. HP: 29/29 MP: 4/4
  1910 | D:2      | Noticed a centaur
  2335 | D:3      | Reached XP level 4. HP: 5/37 MP: 6/6
  2505 | D:3      | Noticed a big kobold
  2521 | D:3      | Killed a big kobold
  2521 | D:3      | Reached XP level 5. HP: 29/45 MP: 6/8
  3289 | D:3      | Learned a level 2 spell: Blink
  3404 | D:4      | Reached XP level 6. HP: 51/52 MP: 10/10
  3612 | D:4      | Found a white marble altar of Elyvilon.
  4771 | D:2      | epen: !lg namelastname112 killer=adder
  4776 | D:2      | beem: 240. namelastname112 the Slasher (L3 DrGl), succumbed
                  | to an adder's poison on D:3 on 2018-10-15 13:04:55, with 55
                  | points after 1295 turns and 0:02:23.
  5251 | D:4      | epen: !lg . killer=adder
  5251 | D:4      | Your scales start taking on a glossy black colour.
  5251 | D:4      | Reached XP level 7. HP: 48/60 MP: 12/12
  5251 | D:4      | Gained mutation: You are resistant to electric shocks.
                  | (rElec) [Black Draconian growth]
  5252 | D:4      | beem: 69. epen the Slasher (L4 GnBe of Trog), succumbed to
                  | an adder's poison on D:2 on 2018-10-14 19:49:04, with 60
                  | points after 972 turns and 0:02:00.
  5368 | D:4      | Reached skill level 5 in Fighting
  5538 | D:4      | Found a burning altar of Makhleb.
  5538 | D:4      | Found a snail-covered altar of Cheibriados.
  5569 | D:5      | Entered Level 5 of the Dungeon
  5640 | D:5      | HP: 4/91 [poisoned by a worker ant]
  5647 | D:5      | HP: 4/91 [poisoned by a worker ant]
  5655 | D:5      | HP: 4/91 [poisoned by a worker ant]
  6020 | D:5      | epen: !lg namelastname112 killer=lich
  6023 | D:5      | beem: 7. namelastname112 the Warrior (L17 DrWn of Jiyva),
                  | blasted by a lich (poison arrow) (kmap:
                  | due_evilmike_abyss_rune_seething_liches) on Abyss:3 on
                  | 2018-10-20 06:17:36, with 177089 points after 25174 turns
                  | and 0:56:32.
  6273 | D:5      | epen: !lg . killer=lich
  6311 | D:5      | beem: No games for epen (killer=lich).
  6373 | D:5      | Found a staircase to the Ecumenical Temple.
  6379 | Temple   | Entered the Ecumenical Temple
  6484 | Temple   | epen: !lg . killer=ancient_lich
  6484 | Temple   | beem: No games for epen (killer=ancient_lich).
  6489 | Temple   | Became a worshipper of Sif Muna the Loreminder
  6506 | D:5      | epen: !lg namelastname112 killer=ancient_lich
  6506 | D:5      | beem: 1. namelastname112 the Bringer of Light (L27 DrWn of
                  | The Shining One), blasted by an ancient lich (crystal
                  | spear) on Tomb:2 (tomb_2) on 2018-10-15 18:46:57, with
                  | 995966 points after 113663 turns and 3:40:18.
  6552 | D:5      | Found an opulent altar of Gozag.
  6597 | D:5      | Reached skill level 1 in Invocations
  6871 | D:5      | Found a shattered altar of Ashenzari.
  7377 | D:6      | Reached XP level 8. HP: 36/70 MP: 14/14
  7765 | D:6      | Found a bloodstained altar of Trog.
  8076 | D:6      | Found Dizo's Food Shoppe.
  8367 | D:7      | Learned a level 4 spell: Iskenderun's Mystic Blast
  8526 | D:7      | Reached skill level 5 in Spellcasting
  8638 | D:7      | Reached skill level 1 in Conjurations
  9099 | D:7      | Reached * piety under Sif Muna
  9116 | D:7      | Noticed a troll
  9678 | D:7      | Noticed a hippogriff
  9961 | D:6      | Killed a hippogriff
 10482 | D:7      | Identified a scroll of acquirement
 10537 | D:8      | Reached XP level 9. HP: 62/75 MP: 11/17
 10672 | D:8      | Found a shattered altar of Ashenzari.
 10697 | D:8      | Found Sikun's Food Boutique.
 10849 | D:8      | Reached skill level 5 in Conjurations
 10849 | D:8      | Reached skill level 5 in Invocations
 10857 | D:8      | Reached ** piety under Sif Muna
 10947 | D:8      | Found Boalleul's Book Boutique.
 10955 | D:8      | Bought a book of Air for 420 gold pieces
 11234 | D:8      | Learned a level 1 spell: Shock
 11384 | D:8      | Learned a level 3 spell: Static Discharge
 11390 | D:8      | Learned a level 5 spell: Lightning Bolt
 11490 | D:9      | Noticed a troll
 11495 | D:9      | Killed a troll
 11495 | D:9      | Reached skill level 1 in Air Magic
 11619 | D:9      | Noticed a cyclops
 11622 | D:9      | Reached skill level 2 in Air Magic
 11909 | D:9      | Killed a cyclops
 11909 | D:9      | Reached skill level 3 in Air Magic
 12142 | D:9      | Reached XP level 10. HP: 73/83 MP: 20/20
 12209 | D:9      | Reached skill level 4 in Air Magic
 12841 | D:10     | Entered Level 10 of the Dungeon
 12912 | D:10     | Reached *** piety under Sif Muna
 12981 | D:10     | Reached skill level 5 in Air Magic
 13333 | D:10     | Noticed Erica
 13343 | D:10     | Killed Erica
 13343 | D:10     | Reached skill level 6 in Air Magic
 13519 | D:10     | Noticed an unseen horror
 13533 | D:10     | Killed an unseen horror
 13533 | D:10     | Reached skill level 7 in Air Magic
 13635 | D:10     | Reached **** piety under Sif Muna
 14391 | D:10     | Reached XP level 11. HP: 69/89 MP: 1/22
 14484 | D:11     | Reached skill level 8 in Air Magic
 14951 | D:10     | Learned a level 4 spell: Airstrike
 15248 | D:11     | Reached skill level 5 in Dodging
 15404 | D:11     | Noticed a two-headed ogre
 15415 | D:11     | Killed a two-headed ogre
 15459 | D:11     | Noticed a brown ugly thing
 15465 | D:11     | Noticed a two-headed ogre
 15744 | D:11     | Reached skill level 9 in Air Magic
 16026 | D:11     | Found a staircase to the Lair.
 16140 | D:11     | Reached ***** piety under Sif Muna
 16630 | D:11     | Killed a two-headed ogre
 16630 | D:11     | Identified Sif Muna's Disquisition on Summoning and
                  | Transmutation (Sif Muna gifted it to you on level 11 of the
                  | Dungeon)
 16630 | D:11     | Received a gift from Sif Muna
 17204 | D:12     | Noticed an unseen horror
 17208 | D:12     | Noticed Gastronok
 17466 | D:11     | Killed an unseen horror
 17466 | D:11     | Reached skill level 10 in Air Magic
 18080 | D:12     | Reached XP level 12. HP: 83/100 MP: 7/24
 18458 | D:12     | Killed Gastronok
 18643 | D:12     | Noticed Josephine
 18782 | D:11     | Killed Josephine
 19106 | D:12     | Found a staircase to the Orcish Mines.
 19657 | D:12     | Reached skill level 11 in Air Magic
 20320 | D:12     | Noticed a six-headed hydra
 20359 | D:12     | Killed a six-headed hydra
 20359 | D:12     | Identified Dojiusut's Grimoire of Burning Toxins (Sif Muna
                  | gifted it to you on level 12 of the Dungeon)
 20359 | D:12     | Received a gift from Sif Muna
 20538 | D:12     | Noticed a two-headed ogre
 20541 | D:12     | Got a twisted dagger
 20544 | D:12     | Killed a two-headed ogre
 20604 | D:12     | Identified the +6 dagger "Conservator" {pierce, +Rage rC++
                  | Dex-5 SInv} (You found it on level 12 of the Dungeon)
 20984 | D:13     | Noticed a two-headed ogre
 20988 | D:13     | Killed a two-headed ogre
 21627 | D:13     | Reached skill level 12 in Air Magic
 21673 | D:13     | Noticed a six-headed hydra
 21743 | D:13     | Killed a six-headed hydra
 21743 | D:13     | Reached XP level 13. HP: 28/108 MP: 0/26
 23220 | D:14     | Reached skill level 10 in Invocations
 24097 | D:14     | Reached skill level 10 in Conjurations
 24526 | D:14     | Reached skill level 13 in Air Magic
 25335 | D:14     | Paralysed by a wizard for 3 turns
 25493 | D:14     | Received a gift from Sif Muna
 25846 | D:14     | Reached skill level 10 in Spellcasting
 26084 | D:14     | Found a gate to the Vaults.
 26170 | D:14     | Found the +7 sceptre of Torment {pain, torment}
 26288 | D:15     | Entered Level 15 of the Dungeon
 26430 | D:15     | Gained mutation: Your large and strong wings let you fly
                  | indefinitely. [Black Draconian growth]
 26430 | D:15     | Reached XP level 14. HP: 119/119 MP: 17/28
 27060 | D:15     | Found a shattered altar of Ashenzari.
 27135 | D:15     | Reached skill level 10 in Fighting
 28110 | Lair:1   | Entered Level 1 of the Lair of Beasts
 28180 | Lair:1   | Reached skill level 14 in Air Magic
 28556 | Lair:1   | Got a steaming shield
 28562 | Lair:1   | Identified the +2 shield of Sunlight {rF+ Str+2} (You found
                  | it on level 1 of the Lair of Beasts)
 29057 | Lair:2   | Found a dark tunnel.
 29067 | Volcano  | Entered a volcano
 29400 | Volcano  | Found a bloodstained altar of Trog.
 29406 | Volcano  | Identified Sif Muna's Incunabulum of Arcane Weapons (Sif
                  | Muna gifted it to you in a volcano)
 29406 | Volcano  | Received a gift from Sif Muna
 29882 | Lair:2   | Noticed Irchumiyd's ghost (journeyman DEAE)
 29943 | Lair:2   | Found a runed gate.
 29943 | Lair:2   | Found a runed gate.
 29944 | Lair:2   | Found a runed gate.
 31196 | Lair:3   | Found a staircase to the Snake Pit.
 32652 | Lair:4   | Found a staircase to the Swamp.
 32967 | Lair:4   | Found a runed door.
 33665 | Lair:4   | Reached XP level 15. HP: 81/129 MP: 30/30
 33818 | Lair:5   | Got a steaming cloak
 33829 | Lair:5   | Identified the +0 cloak of a ziggurat {rF+ Str+4 Dex+7
                  | Slay-3} (You acquired it on level 5 of the Lair of Beasts)
 33875 | Lair:5   | namelastname112: ??slay
 33875 | Lair:5   | beem: slay ~ slaying[1/2]: Added to your weapon
                  | {enchantment}. Magic is unaffected, throwing and unarmed
                  | combat are affected.
 34554 | Lair:5   | Identified Ucvamud's Catalogue of Toxic Transmigration (Sif
                  | Muna gifted it to you on level 5 of the Lair of Beasts)
 34554 | Lair:5   | Received a gift from Sif Muna
 35058 | Lair:6   | Entered Level 6 of the Lair of Beasts
 35395 | Lair:6   | HP: 5/130 [death yak (24)]
 35859 | Lair:6   | Reached skill level 15 in Air Magic
 36043 | Lair:6   | Found a staircase to the Slime Pits.
 36595 | Lair:6   | Reached skill level 10 in Dodging
 37327 | Orc:1    | Entered Level 1 of the Orcish Mines
 37660 | Orc:2    | Entered Level 2 of the Orcish Mines
 38047 | Orc:1    | Identified Sif Muna's Catalogue of Cold (Sif Muna gifted it
                  | to you on level 1 of the Orcish Mines)
 38047 | Orc:1    | Received a gift from Sif Muna
 38057 | Orc:1    | Learned a level 6 spell: Freezing Cloud
 38958 | Orc:2    | Found a staircase to the Elven Halls.
 39691 | Orc:2    | Found a roughly hewn altar of Beogh.
 39772 | Orc:2    | Found Tisaot's Book Boutique.
 39772 | Orc:2    | Noticed an orc warlord
 39788 | Orc:2    | Killed an orc warlord
 39999 | Orc:2    | Paralysed by an orc sorcerer for 6 turns
 40210 | Orc:2    | Found Beppani's Weapon Shop.
 40353 | Orc:2    | Noticed an orc warlord
 40373 | Orc:2    | Killed an orc warlord
 40548 | Orc:2    | Found a roughly hewn altar of Beogh.
 40701 | Orc:2    | Found Soraitz's General Store.
 40876 | Orc:2    | Found Ronnojyarr's Food Shop.
 41212 | Elf:1    | Entered Level 1 of the Elven Halls
 41223 | Elf:1    | Reached XP level 16. HP: 109/140 MP: 31/31
 42992 | Elf:1    | Reached skill level 16 in Air Magic
 43656 | Elf:1    | Received a gift from Sif Muna
 44090 | Elf:2    | Identified the Handbook of Flying Conjuration
 44124 | Elf:2    | Found a flickering gateway to a bazaar.
 44135 | Bazaar   | Entered a bazaar
 44258 | Bazaar   | Found Vyataodgh's General Store.
 44324 | Bazaar   | Found Roatt's Book Boutique.
 44329 | Bazaar   | Bought a book of Power for 360 gold pieces
 44348 | Bazaar   | Found Juehuxon's Jewellery Shoppe.
 44387 | Bazaar   | Found Selaufing's Armour Emporium.
 44423 | Bazaar   | Found Sogarala's Food Shoppe.
 44474 | Bazaar   | Learned a level 7 spell: Orb of Destruction
 44541 | Elf:2    | Found a runed gate.
 44541 | Elf:2    | Found a runed gate.
 44542 | Elf:2    | Found a runed gate.
 45040 | Elf:3    | Entered Level 3 of the Elven Halls
 45092 | Elf:3    | Noticed Asterion
 45110 | Elf:3    | Killed Asterion
 45596 | Elf:3    | Noticed a deep elf blademaster
 45859 | Elf:3    | Reached XP level 17. HP: 94/150 MP: 4/33
 46207 | Elf:3    | Noticed an Ice Fiend
 46304 | Elf:3    | Killed a deep elf blademaster
 46836 | Elf:3    | Identified the +7 rapier of the Eternal Warrior {antimagic,
                  | rPois}
 47008 | Elf:3    | Identified the ring of Ninin {+Blink +Inv +Fly MR++ Str-3}
 47008 | Elf:3    | Noticed a deep elf master archer
 47015 | Elf:3    | Killed a deep elf master archer
 47407 | Elf:3    | Identified Sif Muna's Second Course in Wizardry (Sif Muna
                  | gifted it to you on level 3 of the Elven Halls)
 47407 | Elf:3    | Received a gift from Sif Muna
 47466 | Elf:3    | Identified the cursed +0 scale mail of the Vaults {*Slow
                  | Regen+ Int+7}
 47762 | Elf:3    | Identified the +7 halberd "Veutaywi" {chop, rElec}
 47922 | Elf:3    | Noticed a Brimstone Fiend
 48063 | Elf:3    | Noticed a deep elf master archer
 48086 | Elf:3    | Killed a deep elf master archer
 48414 | Elf:3    | Noticed a deep elf blademaster
 48422 | Elf:3    | Killed a deep elf blademaster
 48844 | Elf:3    | Identified the Almanac of Lucky Malediction
 48854 | Elf:3    | Learned a level 6 spell: Deflect Missiles
 48875 | Elf:3    | Identified the Grimoire of Nocuous Boosts
 48891 | Elf:3    | Got a pair of polished boots
 48903 | Elf:3    | Identified the +5 pair of boots of Duck's Teeth {rN+} (You
                  | found it on level 3 of the Elven Halls)
 49071 | Elf:3    | Reached skill level 17 in Air Magic
 49151 | Elf:3    | Noticed Donald
 49577 | Elf:3    | Killed Donald
 49794 | Orc:2    | Bought a ration for 65 gold pieces
 49794 | Orc:2    | Bought a ration for 65 gold pieces
 49794 | Orc:2    | Bought a ration for 65 gold pieces
 49794 | Orc:2    | Bought a ration for 65 gold pieces
 49794 | Orc:2    | Bought a ration for 65 gold pieces
 49794 | Orc:2    | Bought a ration for 65 gold pieces
 49805 | Orc:2    | Learned a level 8 spell: Chain Lightning
 50935 | D:15     | Found the +12 glaive of Prune {chop}
 51000 | D:15     | Found a staircase to the Depths.
 51240 | Swamp:1  | Entered Level 1 of the Swamp
 52273 | Swamp:1  | Found a runed door.
 52274 | Swamp:1  | Noticed Xuizouc's ghost (journeyman MiBe)
 54328 | Swamp:2  | Reached XP level 18. HP: 151/160 MP: 20/35
 54708 | Swamp:3  | Received a gift from Sif Muna
 54785 | Swamp:2  | Reached skill level 15 in Conjurations
 56133 | Swamp:4  | Entered Level 4 of the Swamp
 56133 | Swamp:4  | Found a frozen archway.
 56302 | IceCv    | Entered an ice cave
 58063 | IceCv    | Got a pair of transparent gloves
 58074 | IceCv    | Identified the cursed +0 pair of gloves of Korimuiw {Str+2
                  | Stlth+} (You found it in an ice cave)
 60095 | Swamp:4  | Identified Sif Muna's Handbook of Companions and
                  | Transformation (Sif Muna gifted it to you on level 4 of the
                  | Swamp)
 60095 | Swamp:4  | Received a gift from Sif Muna
 60098 | Swamp:4  | Paralysed by a hornet for 3 turns
 60956 | Swamp:4  | Got a decaying rune of Zot
 61305 | D:8      | Bought a ration for 60 gold pieces
 61305 | D:8      | Bought a ration for 60 gold pieces
 61305 | D:8      | Bought a ration for 60 gold pieces
 61305 | D:8      | Bought a ration for 60 gold pieces
 61305 | D:8      | Bought a ration for 60 gold pieces
 61305 | D:8      | Bought a ration for 60 gold pieces
 61305 | D:8      | Bought a ration for 60 gold pieces
 61305 | D:8      | Bought a ration for 60 gold pieces
 61305 | D:8      | Bought a ration for 60 gold pieces
 61305 | D:8      | Bought a ration for 60 gold pieces
 61305 | D:8      | Bought a ration for 60 gold pieces
 61305 | D:8      | Bought a ration for 60 gold pieces
 61448 | Vaults:1 | Entered Level 1 of the Vaults
 62326 | Vaults:1 | HP: 3/162 [ironheart preserver/+0 morningstar (17)]
 62330 | Vaults:1 | Shot with a bolt by a yaktaur

Vault maps used:
D:1:      sevenhm_arrival_forest_fort_large_1, serial_rivers,
          chequers_serial_rivers_micro_a, chequers_serial_rivers_small_b,
          chequers_serial_rivers_micro_e, chequers_serial_rivers_small_3,
          minmay_split_cup_small
D:2:      first_ration
D:3:      cheibrodos_sewer_entry_bend
D:4:      elyvilon_altar_5, gammafunk_temple_overflow_wave,
          kennysheep_generic_room_16
D:5:      lemuel_coloured_pillars_altar, minmay_temple_entry_fiery,
          roderic_lattice_a, nicolae_gozag_seed_capital
D:6:      serial_shops, kennysheep_mini_moat, trog_hazing_becter
D:8:      special_room, serial_shops, nicolae_shop_crystal, shop_fountains,
          grunt_livestock, st_stairs_8, evilmike_ruin_ashenzari
D:10:     uniq_erica
D:11:     lair_entry_dummy
D:12:     hiddenorc2_lemuel, kennysheep_generic_room_11, uniq_josephine,
          uniq_gastronok
D:14:     grunt_vaults_entry_fortified, kennysheep_decorative_pillar,
          hangedman_abyss_or_decor_clamps
D:15:     grunt_enter_depths_magical_seal, basic_altar, minmay_misc_feat_room,
          minmay_guarded_unrand_prune
Temple:   hc_temple_tempest_star
Lair:1:   grunt_megastairs_1
Lair:2:   nicolae_volcano_entry_s_turn, gammafunk_ghost_split
Lair:3:   guppyfry_snake_entry_island, infiniplex_staircase_pool,
          grunt_megastairs_5, lemuel_fruit_fields, lemuel_fruit_tree,
          serial_bayou_shore_b
Lair:4:   minmay_swamp_entry_worms, pf_torpor_hydra
Lair:5:   special_room, nicolae_lair_grove_arrangements, minmay_lair_drake_nest
Lair:6:   grunt_lair_end_beastmaster, slime_dummy
Swamp:1:  ebering_ghost_inner_flame, evilmike_swamp_ruin_house_6,
          hangedman_swamp_cone, infiniplex_staircase_pool_2
Swamp:2:  evilmike_swamp_ruin_house_5, swamp_pool3
Swamp:3:  hangedman_swamp_ruin_wall, swamp_pool3
Swamp:4:  swamp_basic_johnstein, portal_ice_cave_entry_pillars_three,
          swamp_pool2
Orc:2:    pubby_orc_utopia
Elf:1:    eino_elf_arrival_the_gate, evilmike_minifort
Elf:2:    serial_shops, bzr_entry_islet, serial_sigils_hangedman_shear
Elf:3:    grunt_elf_hall_spiral, serial_sigils, serial_sigils_hangedman_carve,
          serial_sigils_hangedman_writhe, serial_sigils_hangedman_scratch,
          serial_sigils_hangedman_gnaw, serial_sigils_hangedman_scar,
          serial_sigils_hangedman_gut, minmay_misc_feat_ornament, uniq_donald,
          uniq_asterion
Vaults:1: v_pattern_5, ontoclasm_vaults_twist, vaults_mumra_chevron_long,
          v_misc_2, nicolae_vaults_rhombus_6, ontoclasm_vaults_gallery,
          hangedman_vaults_slice, nicolae_vaults_mini_display_case
Bazaar:   bazaar_jpeg_circle_rare_5
IceCv:    ice_cave_caverns_02
Volcano:  volcano_lake

Skill      XL: |  1  2  3  4  5  6  7  8  9 10 11 12 13 14 15 16 17 18 |
---------------+-------------------------------------------------------+-----
Dodging        | 1 2 3 4 5 7 8 9 10 11 12 | 12.7
Spellcasting   | 1 2 3 4 5 6 7 8 9 10 11 12 13 | 13.7
Fighting       | 2 3 4 5 6 7 8 9 11 12 13 14 | 14.8
Invocations    | 1 4 6 7 8 9 10 | 10.7
Conjurations   | 4 6 7 8 9 10 11 12 13 14 15 | 15.8
Air Magic      | 3 7 10 12 13 14 15 16 17 | 17.9
Shields        | 3 4 |  4.0
Crossbows      | |  3.6
Throwing       | |  1.0
Translocations | |  2.0
Transmutations | |  1.0

Action                   |  1- 3 |  4- 6 |  7- 9 | 10-12 | 13-15 | 16-18 || total
-------------------------+-------+-------+-------+-------+-------+-------++-------
Melee: Dagger            |   247 |    23 |   368 |   148 |     5 |       ||   791
       Tailslap          |    22 |    23 |    47 |    31 |    21 |    16 ||   160
       Unarmed           |     2 |     1 |     3 |       |       |       ||     6
       Short sword       |       |   310 |   107 |       |       |       ||   417
       War axe           |       |       |    17 |       |       |       ||    17
       Staff             |       |       |     1 |    84 |    92 |    83 ||   260
 Fire: Hand crossbow     |     7 |    85 |    38 |       |       |       ||   130
Throw: Throwing net      |       |       |       |       |       |     3 ||     3
 Cast: Iskenderun's Myst |       |       |    24 |    43 |       |    11 ||    78
       Shock             |       |       |     9 |   140 |     6 |     1 ||   156
       Static Discharge  |       |       |     2 |   126 |   375 |   104 ||   607
       Lightning Bolt    |       |       |       |   106 |   324 |   153 ||   583
       Airstrike         |       |       |       |    47 |   146 |   418 ||   611
       Blink             |       |       |       |     7 |     7 |    10 ||    24
       Freezing Cloud    |       |       |       |       |    13 |    28 ||    41
       Orb of Destructio |       |       |       |       |       |    87 ||    87
       Chain Lightning   |       |       |       |       |       |    67 ||    67
       Deflect Missiles  |       |       |       |       |       |     2 ||     2
Invok: Divine Energy     |       |       |     1 |       |       |       ||     1
       Channel Magic     |       |       |       |       |     1 |     8 ||     9
 Abil: Breathe Lightning |       |       |    18 |    13 |     9 |     4 ||    44
       Fly               |       |       |       |       |     1 |       ||     1
Evoke: Wand              |       |       |     5 |    10 |     9 |     2 ||    26
  Use: Potion            |     3 |       |     2 |     1 |     3 |     9 ||    18
       Scroll            |       |     4 |    14 |     9 |    15 |    13 ||    55
 Stab: Sleeping          |       |       |       |     1 |       |       ||     1
  Eat: Chunk             |     5 |     3 |    12 |    47 |    74 |    35 ||   176
       Ration            |       |     2 |     5 |     6 |    17 |    42 ||    72
Armor: Skin              |   127 |   186 |   210 |   230 |   237 |   235 ||  1225
Dodge: Dodged            |   218 |   352 |   413 |   471 |   619 |   592 ||  2665
       Deflected         |       |       |       |       |       |    23 ||    23

Table legend:
 A = Non-vault XP
 B = Vault XP
 C = Vault XP percentage of total XP
 D = Non-vault monster count
 E = Vault monster count
 F = Vault count percentage of total count
                 A         B        C        D         E       F
            +---------+---------+-------+---------+---------+-------
      Total |  209687 |  153923 |  42.3 |     829 |     466 |  36.0
            +---------+---------+-------+---------+---------+-------
        D:1 |      53 |      10 |  15.9 |      25 |       6 |  19.4
        D:2 |     153 |       0 |   0.0 |      19 |       0 |   0.0
        D:3 |     244 |       5 |   2.0 |      28 |       1 |   3.4
        D:4 |     405 |      70 |  14.7 |      24 |       2 |   7.7
        D:5 |     291 |       0 |   0.0 |       6 |       0 |   0.0
        D:6 |     621 |      12 |   1.9 |      12 |       6 |  33.3
        D:7 |     925 |       0 |   0.0 |      28 |       0 |   0.0
        D:8 |     194 |    1413 |  87.9 |       8 |      33 |  80.5
        D:9 |    1474 |       0 |   0.0 |      22 |       0 |   0.0
       D:10 |    4276 |     892 |  17.3 |      35 |       1 |   2.8
       D:11 |   10633 |    1677 |  13.6 |      76 |      13 |  14.6
       D:12 |    6389 |    2951 |  31.6 |      40 |      26 |  39.4
       D:13 |    9966 |       0 |   0.0 |      47 |       0 |   0.0
       D:14 |   17119 |    6660 |  28.0 |      42 |      10 |  19.2
       D:15 |    8537 |   11879 |  58.2 |      29 |      20 |  40.8
     Lair:1 |    2057 |     411 |  16.7 |      12 |       1 |   7.7
     Lair:2 |    5240 |       0 |   0.0 |      21 |       0 |   0.0
     Lair:3 |    5814 |    1542 |  21.0 |      34 |       7 |  17.1
     Lair:4 |    5066 |    2100 |  29.3 |      20 |       5 |  20.0
     Lair:5 |    1473 |    3656 |  71.3 |       6 |      29 |  82.9
     Lair:6 |   11752 |    8125 |  40.9 |      37 |      17 |  31.5
    Swamp:1 |    3315 |       0 |   0.0 |       8 |       0 |   0.0
    Swamp:2 |   19489 |       0 |   0.0 |      38 |       0 |   0.0
    Swamp:3 |   14985 |       0 |   0.0 |      37 |       0 |   0.0
    Swamp:4 |   12095 |   17202 |  58.7 |      33 |      27 |  45.0
      Orc:1 |    4299 |       0 |   0.0 |      36 |       0 |   0.0
      Orc:2 |       0 |   19810 | 100.0 |       0 |     145 | 100.0
      Elf:1 |   19367 |   11399 |  37.1 |      31 |      17 |  35.4
      Elf:2 |   13000 |    3465 |  21.0 |      20 |       4 |  16.7
      Elf:3 |   13406 |   47763 |  78.1 |      22 |      31 |  58.5
   Vaults:1 |   17049 |     534 |   3.0 |      33 |       1 |   2.9
      IceCv |       0 |    8517 | 100.0 |       0 |      52 | 100.0
    Volcano |       0 |    3830 | 100.0 |       0 |      12 | 100.0
            +---------+---------+-------+---------+---------+-------
